Map: Incorporeal LE

Players

Geralt (Gerald)

  • Race: Protoss Protoss
  • League: Master
  • Spawn Location: 11:00

STZsOs (sOs) - Winner!

  • Race: Protoss Protoss
  • League: Master
  • Spawn Location: 5:00

Event: FEL Cracov 2025

VOD

Have the link to the VOD?

Description

Time

  • Played on: July 27, 2025, 11:37 a.m.
  • Length: 5:10

All games in this series

Show
View Real Time Build Order
Export as new Build Order

Geralt Protoss 

Build Orders: Oracle Opening 

Get SALT Encoding   

  12  0:00  Probe  
  13  0:12  Probe  
  14  0:17  Pylon  
  14  0:23  Probe  
  15  0:31  Probe  
  16  0:36  Gateway  
  16  0:39  Probe  
  16  0:47  Assimilator  
  17  0:51  Probe  
  17  0:54  Assimilator  
  18  0:59  Probe  
  19  1:07  Gateway, Probe  
  19  1:17  Probe  
  20  1:24  Cybernetics Core  
  21  1:29  Probe  
  22  1:35  Pylon  
  22  1:41  Probe  
  22  1:45  Pylon  
  23  1:53  Probe  
  24  2:01  Stalker  
  24  2:02  Pylon  
  24  2:04  Stalker  
  28  2:09  Probe  
  28  2:12  Warp Gate  
  29  2:23  Probe  
  30  2:30  Stargate  
  30  2:33  Pylon  
  30  2:36  Probe  
  31  2:55  Nexus  
  31  2:57  Probe  
  32  3:04  Oracle  
  32  3:09  Probe  
  36  3:22  Probe, Twilight Council  
  37  3:30  Pylon  
  38  3:34  Probe  
  38  3:41  Shield Battery  
  38  3:46  Probe  
  39  3:59  Probe  
  39  4:00  Adept  
  39  4:02  Adept  
  44  4:11  Probe  
  44  4:12  Probe  
  50  4:26  Void Ray  
  50  4:29  Stalker  
  51  4:32  Zealot  
  37  4:53  Stalker  
  37  4:54  Stalker  
Show
View Real Time Build Order
Export as new Build Order

STZsOs Protoss - Winner!

Build Orders: Phoenix Opening 

Get SALT Encoding   

  12  0:00  Probe  
  13  0:12  Probe  
  14  0:17  Pylon  
  14  0:23  Probe  
  15  0:32  Probe  
  15  0:36  Gateway  
  15  0:40  Probe  
  16  0:45  Assimilator  
  17  0:51  Probe  
  18  0:57  Pylon  
  18  0:59  Probe  
  19  1:04  Assimilator  
  19  1:07  Probe  
  20  1:17  Probe  
  20  1:23  Cybernetics Core  
  21  1:27  Zealot  
  21  1:30  Probe  
  24  1:42  Probe  
  25  1:53  Warp Gate  
  25  1:54  Probe  
  25  1:59  Sentry  
  28  2:05  Phoenix  
  28  2:19  Nexus  
  28  2:21  Pylon  
  28  2:24  Sentry  
  30  2:30  Pylon  
  30  2:33  Probe  
  31  2:45  Gateway  
  31  2:48  Shield Battery  
  31  2:50  Stalker  
  33  3:00  Pylon  
  33  3:04  Probe  
  34  3:17  Probe  
  34  3:19  Gateway  
  35  3:26  Shield Battery  
  37  3:32  Probe x2  
  39  3:38  Stalker x2  
  39  3:41  Stalker x2  
  37  3:43  Stalker x2  
  37  3:45  Probe  
  37  3:48  Probe  
  43  3:58  Probe  
  43  4:00  Probe  
  45  4:06  Stalker x2  
  49  4:14  Probe  
  50  4:18  Stalker  
  52  4:30  Stalker x2  
  49  4:48  Stalker, Probe  
  49  4:50  Probe  
  49  4:57  Stalker  
Tags
 
Add a new tag
Caveats
  • Supply blocks, unpowered buildings, or Contaminate may cause inaccurate times.
  • Supply counts are checked every 10 seconds.